 Dungeon Crawl Stone Soup version 0.15-a0-2198-g7f377d1 (console) character file.

49002 Perunasaurus the Brawler (level 14, -1/204 HPs)
             Began as a Troll Transmuter on July 23, 2014.
             Was the Champion of Sif Muna.
             Slain by a spiny frog (19 damage)
             ... on Level 8 of the Lair of Beasts.
             The game lasted 00:56:50 (19871 turns).

Perunasaurus the Brawler (Troll Transmuter)        Turns: 19871, Time: 00:56:51

HP  -1/204       AC 10     Str 26      XL: 14   Next: 14%
MP  16/25        EV  9     Int 13      God: Sif Muna [******]
Gold 1538        SH  0     Dex 10      Spells:  9 memorised,  2 levels left

rFire  + . .     SeeInvis .       - Unarmed
rCold  + . .     Clarity  .     P - +0 troll leather armour
rNeg   . . .     rCorr    .     (shield currently unavailable)
rPois  +         rRot     .     Q - +2 hat
rElec  .         Spirit   .     x - +0 cloak
SustAb .         Warding  .     (gloves unavailable)
rMut   .         Stasis   .     (boots unavailable)
Gourm  +                        w - amulet of rage
MR     +....                    R - ring "Juol" {rPois rF+ Stlth-}
                                N - ring of protection from cold

@: berserking, lethally poisoned, blade hands, very quick, somewhat resistant to
hostile enchantments, extremely unstealthy
A: unfitting armour, claws 3, fast metabolism 3, gourmand, regeneration 2,
saprovore 2, shaggy fur 1, tough skin 2
a: End Transformation, Channel Energy, Forget Spell, Renounce Religion, Evoke
Berserk Rage


You were on level 8 of the Lair of Beasts.
You worshipped Sif Muna.
Sif Muna was exalted by your worship.
You were full.
Your hands were blades.
You visited 3 branches of the dungeon, and saw 18 of its levels.
You also visited: Ice Cave.

You collected 1538 gold pieces.

Inventory:

Hand weapons
 a - a +1 blowgun
Missiles
 b - 185 arrows
 e - 514 stones (quivered)
 v - 58 poisoned needles
 D - 33 poisoned arrows
 L - a throwing net {=f}
 U - 15 arrows of flame
Armour
 x - a +0 cloak (worn)
 P - a +0 troll leather armour (worn)
 Q - a +2 hat (worn)
Magical devices
 d - a wand of random effects (18) {!v}
 g - a wand of flame (13) {!v}
 i - a wand of fire (7) {!v}
 o - a wand of polymorph (1) {!v}
 t - a wand of fire (8) {!v}
 u - a wand of cold (6) {!v}
 A - a wand of random effects (14) {!v}
 C - a wand of digging (11) {!v}
 K - a wand of cold (8) {!v}
 S - a wand of teleportation (4) {!v}
 V - a wand of cold (12) {!v}
Comestibles
 f - a beef jerky {!e}
 k - 7 bread rations {!e}
 n - 25 fruits {!e}
 F - 10 meat rations {!e}
 H - a slice of pizza {!e}
Scrolls
 p - 5 scrolls of teleportation {!r}
 s - 6 scrolls of remove curse {!r}
 y - a scroll of summoning {!r}
 E - 3 scrolls of fog {!r}
 J - 2 scrolls of magic mapping {!r}
 M - 4 scrolls of recharging {!r}
 O - a scroll of identify {!r}
 Z - a scroll of fear {!r}
Jewellery
 c - an uncursed amulet of resist corrosion
 h - an uncursed ring of ice
 m - an uncursed ring of fire
 q - an uncursed ring of flight
 w - an amulet of rage (around neck)
 N - a ring of protection from cold (left scythe-like blade)
 R - the ring "Juol" (right scythe-like blade) {rPois rF+ Stlth-}
   (You found it on level 1 of the Lair of Beasts)

   [ring of protection from fire]

   It protects you from fire.
   It protects you from poison.
   It makes you less stealthy.
 X - an uncursed ring of positive energy
Potions
 j - 3 potions of resistance {!q}
 l - 12 potions of curing {!q}
 r - 6 potions of agility {!q}
 z - 6 potions of might {!q}
 B - a potion of berserk rage {!q}
 G - a potion of magic {!q}
 I - 2 potions of cancellation {!q}
 W - 2 potions of invisibility {!q}
Books
 Y - a book of Envenomations

   Spells                             Type                      Level
   *Spider Form                       Transmutation/Poison         3
   Alistair's Intoxication            Transmutation/Poison         4
   Olgreb's Toxic Radiance            Poison                       4
   Poisonous Cloud                    Conjuration/Poison/Air       6


   Skills:
 - Level 8.1 Fighting
 - Level 1.5 Dodging
 - Level 15.0 Unarmed Combat
 - Level 7.0 Spellcasting
 - Level 3.0 Charms
 - Level 3.1 Necromancy
 - Level 3.1 Translocations
 - Level 9.2 Transmutations
 + Level 1.6 Evocations


You had 2 spell levels left.
You knew the following spells:

 Your Spells              Type           Power        Failure   Level  Hunger
a - Blink                 Tloc           N/A          45%         2    #......
b - Sticks to Snakes      Trmt           ####......   14%         2    #......
c - Spider Form           Trmt/Pois      ###.......   45%         3    ###....
d - Blade Hands           Trmt           ####......   50%         5    #####..
e - Apportation           Tloc           ##........   36%         1    None
f - Ice Form              Ice/Trmt       ###.......   71%         4    ####...
g - Regeneration          Chrm/Necr      ##........   54%         3    ###....
h - Swiftness             Chrm/Air       #.......     54%         2    #......
i - Flight                Chrm/Air       #.........   71%         3    ###....


Dungeon Overview and Level Annotations

Branches:
Dungeon (9/15)             Temple (1/1) D:5            Lair (8/8) D:9
 Shoals (0/5) Lair:4        Snake (0/5) Lair:5        Slime (0/6) Lair:6
    Orc: D:9-12

Altars:
Dithmenos
Fedhas
Gozag
Kikubaaqudgha
Makhleb
Nemelex Xobeh
Okawaru
Qazlal
Sif Muna
Trog
Vehumet
Xom
Yredelemnul
The Shining One

Shops:
D:5 *   D:9 %


Innate Abilities, Weirdness & Mutations

You are too large for most types of armour.
You have claws for hands.
Your metabolism is lightning-fast.
You like to eat raw meat.
You heal very quickly.
You can eat rotten meat.
You are covered in fur (AC +1).
You have very tough skin (AC +2).


Message History

Ye slice tha wolf spider!!
Tha wolf spider be heavily wounded.
Ye feel sick.
Tha wolf spider hits ye!
Tha wolf spider bites ye!
Tha spiny frog stin's ye!!
* * * LOW HITPOINT WARNIN'
* * * Ye be too injured ta fight recklessly!
Ye be too injured ta fight recklessly!
Ye slash tha wolf spider!
Tha wolf spider be severely wounded.
Ye feel sick.
Ye barely miss tha wolf spider.
Ye slash tha wolf spider!
Tha wolf spider be almost dead.
Ye feel sick.
Tha wolf spider hits ye!!
* * * LOW HITPOINT WARNIN'
* * * Tha wolf spider bites ye!
* * * LOW HITPOINT WARNIN'
* * * Tha guardian serpent casts a spell.
Tha water moccasin blinks inta view!
Tha spiny frog blinks!
Tha spiny frog barely misses ye.
Tha spiny frog stin's ye!!
Ye die...

##.....###...##..##..### #
#P..P....###.#....#### #
##P.........###.PP.PS...
#...........###.PP..?..s #
#....P....###.#....####S #
#.......###.......##..### #
##...P.###....#§S#####...### ##
##..P####..%..##s####.##....###.
#.....P.%....##@F#..#..##.......
##.P....%...##FS##..##..##....%P
##..P.......##...#....#...##...P.
#..........##...##....##...##..P.
##PP.##.P###....#......#....###..
#...##.####....##......##....##..
......###.P....#.P....P.#.%.P....
....#.###..P..##P.......##.PP....
.....##.......#......P...........


You could see a wolf spider, a guardian serpent, 2 spiny frogs and a water
moccasin.

Vanquished Creatures
  Gastronok (Lair:1)
  6 hydras
  The ghost of Ololoev the Basher, a powerful DsCj of Dithmenos (Lair:3)
  3 death yaks
  The ghost of tabulaattori the Covered, an experienced MiFi (D:7)
  Erolcha (D:8)
  An ice statue (IceCv)
  A necromancer (IceCv)
  Pikel (D:8)
  18 elephants
  2 torpor snails
  9 black mambas
  9 spiny frogs
  3 fire drakes
  6 komodo dragons
  10 freezing wraiths (IceCv)
  A merfolk (D:9)
  A polar bear (Lair:6)
  A two-headed ogre (D:8)
  A troll (D:9)
  5 basilisks
  2 wyverns
  11 blink frogs
  Eustachio (D:5)
  30 yaks
  10 wolves
  8 hippogriffs
  A hungry ghost (D:8)
  A death yak simulacrum (IceCv)
  7 porcupines
  20 water moccasins
  18 ice beasts
  3 spiders (Lair:8)
  A necrophage (D:8)
  2 alligator simulacra (IceCv)
  A phantom (D:4)
  2 centaurs
  An orc warrior (D:9)
  An ogre (D:9)
  2 boring beetles
  2 yellow wasps (Lair:8)
  13 crocodiles
  7 big kobolds
  Blork the orc (D:5)
  A wandering mushroom (Lair:7)
  15 giant frogs
  2 scorpions
  4 killer bees (D:9)
  A yak zombie (D:9)
  4 wights (D:6)
  A troll zombie (D:9)
  4 crimson imps
  10 hounds
  A black bear zombie (D:7)
  A giant frog skeleton (D:9)
  3 jellies
  A centaur skeleton (D:9)
  An orc priest (D:6)
  6 iguanas
  2 spriggan simulacra (IceCv)
  3 draconian simulacra (IceCv)
  2 orc wizards
  10 worker ants
  A wolf simulacrum (IceCv)
  8 troll simulacra (IceCv)
  A sky beast zombie (D:7)
  18 sheep
  Jessica (D:3)
  A big kobold skeleton (D:5)
  An ogre skeleton (D:6)
  A worker ant zombie (D:3)
  24 adders
  2 gnolls (D:8)
  47 green rats
  7 naga simulacra (IceCv)
  12 white imps (IceCv)
  2 shadow imps (D:5)
  6 worms
  An orc skeleton (D:8)
  An adder skeleton (D:5)
  6 giant geckos
  4 oozes (Lair:6)
  25 orcs
  A giant mite zombie (D:5)
  8 goblins
  13 hobgoblins
  9 jackals
  25 kobolds
  15 quokkas
  3 ball pythons
  9 bats
  9 giant cockroaches
  5 giant newts
  A giant spore (D:7)
  A jackal skeleton (D:4)
  A kobold skeleton (D:5)
  An orc zombie (D:6)
  12 rats
  2 rat skeletons
  A rat zombie (D:8)
  6 ballistomycetes
  A plant (Lair:4)
591 creatures vanquished.

Vanquished Creatures (others)
  A slave (D:8)
  A gnoll (D:8)
  An adder (Lair:6)
  An orc (D:8)
  A bat (D:8)
  A giant spore (D:9)
  A kobold (D:8)
  6 fungi
  8 plants
21 creatures vanquished.

Grand Total: 612 creatures vanquished

Notes
Turn   | Place    | Note
--------------------------------------------------------------
     0 | D:1      | Perunasaurus, the Troll Transmuter, began the quest for the Orb.
     0 | D:1      | Reached XP level 1. HP: 18/18 MP: 2/2
    74 | D:1      | Reached XP level 2. HP: 24/26 MP: 2/2
   586 | D:1      | Reached skill level 4 in Unarmed Combat
   674 | D:1      | Learned a level 2 spell: Sticks to Snakes
   723 | D:1      | Reached XP level 3. HP: 24/32 MP: 3/3
  1359 | D:2      | Found a blossoming altar of Fedhas.
  1590 | D:3      | Reached XP level 4. HP: 18/40 MP: 4/4
  1596 | D:3      | Reached skill level 5 in Unarmed Combat
  1836 | D:3      | Reached XP level 5. HP: 43/46 MP: 4/4
  1934 | D:3      | Noticed Jessica
  1952 | D:3      | Killed Jessica
  1954 | D:3      | Reached skill level 6 in Unarmed Combat
  2614 | D:4      | HP: 1/46 [scorpion (6)]
  2622 | D:4      | HP: 2/46 [poisoned by a scorpion]
  2731 | D:4      | Noticed a phantom
  2775 | D:4      | Killed a phantom
  2775 | D:4      | Reached XP level 6. HP: 14/54 MP: 5/5
  2943 | D:4      | Reached skill level 7 in Unarmed Combat
  3273 | D:5      | Entered Level 5 of the Dungeon
  3290 | D:5      | Noticed Blork the orc
  3304 | D:5      | Killed Blork the orc
  3358 | D:5      | Found an opulent altar of Gozag.
  3369 | D:5      | Found Gozag's Platinum Reserve.
  3479 | D:5      | Noticed Eustachio
  3491 | D:5      | Killed Eustachio
  3491 | D:5      | Reached skill level 8 in Unarmed Combat
  3491 | D:5      | Reached XP level 7. HP: 55/61 MP: 5/5
  3529 | D:5      | Found a glowing golden altar of the Shining One.
  3597 | D:5      | Found a staircase to the Ecumenical Temple.
  3711 | Temple   | Entered the Ecumenical Temple
  3862 | Temple   | Became a worshipper of Sif Muna the Loreminder
  4039 | D:5      | Reached skill level 9 in Unarmed Combat
  4463 | D:6      | Reached XP level 8. HP: 65/68 MP: 6/6
  4540 | D:6      | Found a burning altar of Makhleb.
  4540 | D:6      | Noticed a balrug
  4543 | D:6      | Noticed a smoke demon
  4543 | D:6      | Noticed a hellwing
  4636 | D:6      | Reached skill level 10 in Unarmed Combat
  5295 | D:7      | Found a stormy altar of Qazlal.
  5546 | D:7      | Noticed tabulaattori's ghost (experienced MiFi)
  5567 | D:7      | Killed tabulaattori's ghost
  5567 | D:7      | Reached skill level 11 in Unarmed Combat
  5570 | D:7      | Reached XP level 9. HP: 55/75 MP: 7/7
  6229 | D:8      | Reached skill level 12 in Unarmed Combat
  6247 | D:8      | Noticed Erolcha
  6261 | D:8      | Killed Erolcha
  6261 | D:8      | Acquired Sif Muna's first power
  6348 | D:8      | Noticed Pikel
  6359 | D:8      | Killed Pikel
  6359 | D:8      | Acquired Sif Muna's second power
  6670 | D:7      | Learned a level 3 spell: Spider Form
  6809 | D:8      | Reached XP level 10. HP: 55/83 MP: 12/12
  7171 | D:8      | Reached skill level 13 in Unarmed Combat
  7299 | D:9      | Found a sparkling altar of Nemelex Xobeh.
  7323 | D:9      | Reached skill level 5 in Transmutations
  7344 | D:9      | Found a staircase to the Lair.
  7802 | D:9      | Found Bleu's Food Boutique.
  8156 | D:9      | Reached skill level 14 in Unarmed Combat
  8320 | Lair:1   | Entered Level 1 of the Lair of Beasts
  8580 | Lair:1   | Noticed Gastronok
  8604 | Lair:1   | Killed Gastronok
  8604 | Lair:1   | Reached XP level 11. HP: 57/89 MP: 12/12
  8680 | Lair:1   | Got a transparent lapis lazuli ring
  8681 | Lair:1   | Identified the ring "Juol" {rPois rF+ Stlth-} (You found it on level 1 of the Lair of Beasts)
  8907 | Lair:1   | Noticed a five-headed hydra
  8946 | Lair:1   | Reached skill level 15 in Unarmed Combat
  8958 | Lair:1   | HP: 2/89 [sheep (10)]
  9281 | Lair:1   | HP: 2/89 [five-headed hydra (3)]
  9518 | Lair:1   | Killed a five-headed hydra
  9637 | Lair:1   | Learned a level 5 spell: Blade Hands
  9850 | Lair:2   | Learned a level 2 spell: Blink
  9887 | Lair:2   | Noticed an eight-headed hydra
 10084 | Lair:2   | Reached skill level 1 in Fighting
 10781 | Lair:2   | Acquired Sif Muna's third power
 11026 | Lair:2   | Killed an eight-headed hydra
 11026 | Lair:2   | Reached XP level 12. HP: 19/100 MP: 13/19
 11216 | Lair:3   | Learned a level 1 spell: Apportation
 11221 | Lair:3   | Learned a level 4 spell: Ice Form
 11372 | Lair:3   | Noticed Ololoev's ghost (powerful DsCj)
 11383 | Lair:3   | Killed Ololoev's ghost
 12046 | Lair:4   | Found a staircase to the Shoals.
 13024 | Lair:4   | Reached skill level 5 in Spellcasting
 13072 | Lair:4   | Learned a level 3 spell: Regeneration
 13240 | Lair:4   | Reached skill level 1 in Charms
 13619 | Lair:5   | Reached skill level 1 in Necromancy
 13783 | Lair:5   | Found a staircase to the Snake Pit.
 13785 | Lair:5   | Noticed a four-headed hydra
 13972 | Lair:5   | Killed a four-headed hydra
 14183 | Lair:5   | Received a gift from Sif Muna
 14198 | Lair:5   | HP: 4/109 [elephant (19)]
 14376 | Lair:5   | Reached XP level 13. HP: 22/117 MP: 19/21
 14474 | Lair:5   | Learned a level 2 spell: Swiftness
 14614 | Lair:5   | Reached skill level 5 in Fighting
 14635 | Lair:5   | Identified Laimp's Collected Works on Lightness (Sif Muna gifted it to you on level 5 of the Lair of Beasts)
 14976 | Lair:6   | Found a frozen archway.
 15006 | IceCv    | Entered an ice cave
 15310 | IceCv    | HP: 10/212 [freezing wraith (1)]
 15313 | IceCv    | HP: 3/212 [freezing wraith (4)]
 16239 | IceCv    | Found an ancient bone altar of Kikubaaqudgha.
 16502 | Lair:6   | Found a staircase to the Slime Pits.
 16997 | Lair:7   | Received a gift from Sif Muna
 16999 | Lair:7   | Identified Sif Muna's Handbook of Changing (Sif Muna gifted it to you on level 7 of the Lair of Beasts)
 17097 | Lair:5   | Learned a level 3 spell: Flight
 18570 | Lair:8   | Entered Level 8 of the Lair of Beasts
 19254 | Lair:8   | Reached skill level 1 in Translocations
 19314 | Lair:8   | Reached XP level 14. HP: 116/136 MP: 17/25
 19732 | Lair:8   | Reached skill level 1 in Evocations
 19871 | Lair:8   | Slain by a spiny frog

Action                   |  1- 3 |  4- 6 |  7- 9 | 10-12 | 13-15 || total
-------------------------+-------+-------+-------+-------+-------++-------
Melee: Unarmed           |   137 |   195 |   294 |   719 |   692 ||  2037
 Fire: Blowgun           |       |       |       |     7 |       ||     7
Throw: Stone             |    90 |    66 |     5 |    47 |       ||   208
 Cast: Spider Form       |       |       |       |    34 |    15 ||    49
       Sticks to Snakes  |       |       |       |     1 |       ||     1
       Regeneration      |       |       |       |     6 |    39 ||    45
       Ice Form          |       |       |       |       |    15 ||    15
       Blade Hands       |       |       |       |       |     9 ||     9
       Blink             |       |       |       |       |     2 ||     2
       Swiftness         |       |       |       |       |     2 ||     2
Invok: Channel Energy    |       |       |       |       |     4 ||     4
 Abil: Evoke Flight      |       |       |       |     4 |       ||     4
       Evoke Berserk Rag |       |       |       |    13 |    12 ||    25
       End Transformatio |       |       |       |    11 |    22 ||    33
Evoke: Wand              |       |       |     5 |     4 |     5 ||    14
  Use: Scroll            |     7 |     4 |     9 |    12 |     7 ||    39
       Potion            |       |       |     1 |     5 |     3 ||     9
 Stab: Sleeping          |       |       |     1 |       |       ||     1
  Eat: Chunk             |    17 |    17 |    33 |    84 |    55 ||   206
       Bread ration      |       |       |       |       |     2 ||     2
       Royal jelly       |       |       |       |       |     2 ||     2
       Pizza             |       |       |       |       |     2 ||     2
       Beef jerky        |       |       |       |       |     1 ||     1
